 Dungeon Crawl Stone Soup version 0.28.0-53-g5a82cb258f (webtiles) character file.

Game seed: 3014984682124291536

283536 quixfox the Executioner (level 20, -24/202 HPs)
             Began as a Hill Orc Fighter on July 9, 2022.
             Was the Champion of Okawaru.
             Killed from afar by a living spell (76 damage)
             ... with a crystal spear
             ... summoned by a walking crystal tome
             ... on level 2 of the Depths.
             The game lasted 02:50:26 (45554 turns).

quixfox the Executioner (Hill Orc Fighter)         Turns: 45554, Time: 02:50:27

Health: -24/202    AC: 48    Str: 30    XL:     20   Next: 56%
Magic:  8/29       EV: 13    Int: 15    God:    Okawaru [******]
Gold:   2658       SH: 20    Dex: 13    Spells: 9/19 levels left

rFire   + . .      SeeInvis +   a - +8 broad axe "Mumuagit" {pain, rPois rN+ Int+4 Stlth+}
rCold   + + .      Faith    +   G - +5 kite shield {reflect}
rNeg    + + +      Spirit   .   k - +12 pearl dragon scales of Owesk {rN+ Str+4}
rPois   +          Reflect  +   P - -2 hat of the Alchemist {rElec rPois rF+ rC+ rN+ Will+ rMut rCorr}
rElec   +          Harm     .   r - +2 cloak of Polytheism {rC+ Dex+3 Stlth+}
rCorr   +          Rampage  .   O - +2 pair of gloves of Sin {Str-2 Int+3 SInv}
rMut    +                       W - +2 pair of boots
Will    ++...                   C - amulet of faith
Stlth   ++++......              u - +4 ring of protection
HPRegen 0.43/turn               y - +4 ring of slaying
MPRegen 0.21/turn

@: heroic, finesse-ful, studying Short Blades
A: no striking features
}: 2/15 runes: decaying, serpentine
a: Renounce Religion, Heroism, Finesse, Duel


You were on level 2 of the Depths.
You worshipped Okawaru.
Okawaru was exalted by your worship.
You visited 7 branches of the dungeon, and saw 34 of its levels.
You visited the Abyss 1 time.
You visited 1 bazaar.
You also visited: Ossuary, Bailey, Gauntlet, Ice Cave, Volcano and Wizlab.

You collected 3847 gold pieces.
You spent 1189 gold pieces at shops.

Inventory:

Hand Weapons
 a - the +8 broad axe "Mumuagit" (weapon) {pain, rPois rN+ Int+4 Stlth+}
   (Okawaru gifted it to you in an ice cave)

   In the hands of one skilled in necromantic magic, it inflicts extra damage on
   living creatures.
   Int:       It affects your intelligence (+4).
   rPois:     It protects you from poison.
   rN:        It protects you from negative energy.
   Stlth:     It makes you more stealthy.
 b - the +8 eveningstar of Lust {antimagic, rN+ Stlth+}
   (You took it off a minotaur in a Gauntlet)

   It reduces the magical energy of the wielder, and disrupts the spells and
   magical abilities of those it strikes.
   Natural abilities and divine invocations are not affected.
   rN:        It protects you from negative energy.
   Stlth:     It makes you more stealthy.
 L - a +2 hand crossbow of flaming
 R - a +2 battleaxe of flaming
Missiles
 m - 6 silver javelins
 t - 20 boomerangs (quivered)
 v - 2 throwing nets
Armour
 k - the +12 pearl dragon scales of Owesk (worn) {rN+ Str+4}
   (You acquired it on level 4 of the Dungeon)

   Str:       It affects your strength (+4).
   rN:        It protects you from negative energy.
 r - the +2 cloak of Polytheism (worn) {rC+ Dex+3 Stlth+}
   (Okawaru gifted it to you on level 5 of the Lair of Beasts)

   Dex:       It affects your dexterity (+3).
   rC:        It protects you from cold.
   Stlth:     It makes you more stealthy.
 G - a +5 kite shield of reflection (worn)
 N - the +0 cloak of Qebb {Contam rPois Str+7 Int+2}
   (Okawaru gifted it to you on level 2 of the Depths)

   Str:       It affects your strength (+7).
   Int:       It affects your intelligence (+2).
   rPois:     It protects you from poison.
   Contam:    It causes magical contamination when unequipped.
 O - the +2 pair of gloves of Sin (worn) {Str-2 Int+3 SInv}
   (You found it in a Gauntlet)

   Str:       It affects your strength (-2).
   Int:       It affects your intelligence (+3).
   SInv:      It lets you see invisible.
 P - the -2 hat of the Alchemist (worn) {rElec rPois rF+ rC+ rN+ Will+ rMut rCorr}
   (You found it in a Gauntlet)

   rF:        It protects you from fire.
   rC:        It protects you from cold.
   rElec:     It insulates you from electricity.
   rPois:     It protects you from poison.
   rN:        It protects you from negative energy.
   rCorr:     It protects you from acid and corrosion.
   rMut:      It protects you from mutation.
   Will:      It increases your willpower.
 W - a +2 pair of boots (worn)
 X - the +8 crystal plate armour of the Slightly Bent {rC+ rN+ rCorr Int-2}
   (Okawaru gifted it to you on level 3 of the Snake Pit)

   Int:       It affects your intelligence (-2).
   rC:        It protects you from cold.
   rN:        It protects you from negative energy.
   rCorr:     It protects you from acid and corrosion.
Jewellery
 i - the amulet "Faagapn Reca" {Will+ Regen+}
   (You took it off a naga on level 3 of the Snake Pit)

   [amulet of regeneration]

   Regen:     It increases your rate of health regeneration.
   Will:      It increases your willpower.
 u - a +4 ring of protection (left hand)
 y - a +4 ring of slaying (right hand)
 C - an amulet of faith (around neck)
 M - a ring of protection from cold
 Q - the ring of Piawibb {rElec rPois Stlth+}
   (You took it off a minotaur in a Gauntlet)

   [ring of poison resistance]

   rElec:     It insulates you from electricity.
   rPois:     It protects you from poison.
   Stlth:     It makes you more stealthy.
Wands
 d - a wand of flame (80)
 p - a wand of polymorph (2)
 s - a wand of iceblast (42)
 I - a wand of acid (12)
 S - a wand of digging (8)
Scrolls
 e - 6 scrolls of teleportation
 j - 10 scrolls of fear
 n - 4 scrolls of fog
 x - 2 scrolls of amnesia
 z - a scroll of holy word
 H - 4 scrolls of blinking
 K - 2 scrolls of brand weapon
 T - 4 scrolls of enchant weapon
 U - 2 scrolls of silence
Potions
 c - 3 potions of lignification
 f - 4 potions of invisibility
 g - 8 potions of haste
 h - 3 potions of cancellation
 l - 4 potions of resistance
 o - 8 potions of brilliance
 q - 5 potions of berserk rage
 w - 11 potions of mutation
 A - 3 potions of flight
 B - 12 potions of might
 D - 2 potions of magic
 E - 19 potions of curing
 F - 4 potions of ambrosia
 J - 4 potions of heal wounds


   Skills:
 + Level 22.4(27) Fighting
 * Level 23.0(27) Axes
 - Level 1.0(18.0) Maces & Flails
 + Level 20.7(25.7) Armour
 - Level 2.4(7.4) Dodging
 - Level 3.3(8.3) Stealth
 - Level 14.1(19.1) Shields
 - Level 8.1 Necromancy
 - Level 12.0 Invocations


You had 9 spell levels left.
You knew the following spells:

 Your Spells              Type           Power      Damage    Failure   Level
a - Agony                 Necr           24%        N/A       50%         5
b - Pain                  Necr           96%        1d8       1%          1
c - Dispel Undead         Necr           24%        3d12      21%         4

Your spell library contained the following spells:

 Spells                   Type           Power      Damage    Failure   Level
 Sublimation of Blood     Necr           24%        N/A       3%          2
 Beastly Appendage        Tmut           0%         N/A       50%         1
 Sandblast                Erth           0%         2d4       50%         1
 Sting                    Tmut/Pois      0%         1d3       50%         1
 Excruciating Wounds      Necr           12%        N/A       50%         5
 Blink                    Tloc           0%         N/A       65%         2
 Ensorcelled Hibernation  Hex/Ice        0%         N/A       65%         2
 Passwall                 Tmut/Erth      0%         N/A       65%         2
 Poisonous Vapours        Pois/Air       0%         N/A       65%         2
 Static Discharge         Conj/Air       0%         N/A       65%         2
 Wereblood                Tmut           0%         N/A       65%         2
 Anguish                  Hex/Necr       6%         N/A       71%         4
 Gell's Gravitas          Tloc           0%         N/A       86%         3
 Ignite Poison            Fire/Tmut/Pois 0%         N/A       86%         3
 Inner Flame              Hex/Fire       0%         N/A       86%         3
 Lesser Beckoning         Tloc           0%         N/A       86%         3
 Mephitic Cloud           Conj/Pois/Air  0%         N/A       86%         3
 Spider Form              Tmut/Pois      0%         N/A       86%         3
 Stone Arrow              Conj/Erth      0%         3d7       86%         3
 Swiftness                Air            0%         N/A       86%         3
 Teleport Other           Tloc           0%         N/A       86%         3
 Cause Fear               Hex            0%         N/A       99%         4
 Hailstorm                Conj/Ice       0%         3d3       99%         4
 Ice Form                 Ice/Tmut       0%         N/A       99%         4
 Olgreb's Toxic Radiance  Pois           0%         N/A       99%         4
 Sticky Flame             Conj/Fire      0%         2d3       99%         4
 Blade Hands              Tmut           0%         N/A       100%        5
 Freezing Cloud           Conj/Ice/Air   0%         6-21      100%        5
 Irradiate                Conj/Tmut      0%         3d13      100%        5
 Lightning Bolt           Conj/Air       0%         1d11      100%        5
 Manifold Assault         Tloc           0%         N/A       100%        5
 Statue Form              Tmut/Erth      0%         N/A       100%        6
 Dragon Form              Tmut           0%         N/A       100%        7
 Orb of Destruction       Conj           0%         9d5       100%        7
 Maxwell's Capacitive Co  Air            0%         ∞         100%        8
 Shatter                  Erth           0%         3d5*      100%        9
 Summon Guardian Golem    Hex/Summ       Unusable   N/A       N/A         3
 Tukima's Dance           Hex            Unusable   N/A       N/A         3
 Simulacrum               Ice/Necr       Unusable   N/A       N/A         6
 Spellforged Servitor     Conj/Summ      Unusable   N/A       N/A         7
 Summon Hydra             Summ           Unusable   N/A       N/A         7
 Dragon's Call            Summ           Unusable   N/A       N/A         9

Dungeon Overview and Level Annotations

Branches:
Dungeon (15/15)            Temple (1/1) D:7            Lair (6/6) D:11
  Swamp (4/4) Lair:3        Snake (4/4) Lair:2        Slime (0/5) Lair:5
    Orc (2/2) D:12            Elf (0/3) Orc:2        Vaults (0/5) D:14
 Depths (2/4) D:15        Ossuary (visited)          Bailey (visited)
  IceCv (visited)         Volcano (visited)          WizLab (visited)
Gauntlet (visited)

Altars:
Ashenzari
Cheibriados
Dithmenos
Elyvilon
Fedhas
Gozag
Hepliaklqana
Kikubaaqudgha
Makhleb
Nemelex Xobeh
Okawaru
Qazlal
Ru
Sif Muna
Trog
Uskayaw
Vehumet
Wu Jian
Xom
Yredelemnul
Zin
The Shining One
Beogh
Jiyva

Shops:
D:15 =   Orc:1 [   Orc:2 *(=[   Depths:1 ([[*

Portals:
Hell: Depths:1
Abyss: Depths:1

Annotations:
D:3 2 transporters
D:7 1 runed translucent door, selky's ghost, novice DDFi
D:8 3 runed translucent doors, NotreDorf's ghost, novice MfBe
D:15 exclusion: obsidian statue
Lair:3 3 runed translucent doors, jjjjhere's ghost, journeyman TrDe


Message History

You carve the spriggan berserker like a ham!!!
You kill the spriggan berserker!
Okawaru accepts your kill.
The death yak is no longer berserk.
The death yak disappears in a puff of smoke!
You slice the flayed ghost!!
Unknown command.
You slash the flayed ghost!
The flayed ghost is almost destroyed.
You block the flayed ghost's attack.
You barely miss the flayed ghost.
The flayed ghost is almost destroyed.
You slice the walking crystal tome!! The living spell casts itself at you.
The crystal spear misses you. The living spell casts itself at you.
The crystal spear hits you!!!
You closely miss the flayed ghost.
The flayed ghost is almost destroyed.
You slash the walking crystal tome! You block the flayed ghost's attack.
The lich gestures wildly while chanting.
The lich seems to speed up.
You slash the flayed ghost!
You destroy the flayed ghost!
Okawaru accepts your kill.
You slash the walking crystal tome!
The walking crystal tome erupts in a flurry of living spells!
Unknown command.
A spriggan berserker and a white very ugly thing come into view.
The spriggan berserker is wielding a +2 antimagic hand axe.
The white very ugly thing gurgles horribly!
The spriggan berserker prays to Trog.
The walking crystal tome erupts in a flurry of living spells!
The living spell casts itself at you. The crystal spear hits you!!
* * * LOW HITPOINT WARNING * * *
A white ugly thing comes into view.
The living spell casts itself at you. The crystal spear hits you!!!!
You die...

# #.... ###.#....
..#.. +.#.#..#.
##u#...#.## ........
#!.i.....! #...>..
#.#...#. ######......
#...#C.. #...........
#$....#######.#
###..... #'.*;@....#.#
#.......
#).*)[*.....###.#...).
#.)*[)).....#...#.....
####).#####.#.###.^...
##..# #.#.# #.....
##..# #.#.# #.....
#..##...# ######
#.###### ##


You could see a walking crystal tome, a white ugly thing, an ettin, a spriggan
berserker and 4 living crystal spells.

Vanquished Creatures
  A dread lich (WizLab)
  Vashnia (Snake:3)
  the Enchantress (Depths:2)
  Rupert (D:12)
  Jorgrun (Swamp:2)
  2 tentacled starspawn (Abyss:3)
  Frances (D:14)
  2 thorn hunters (Swamp:4)
  Kirke (D:12)
  An azure jelly (Lair:6)
  Roxanne (Snake:3)
  A tengu reaver (Depths:2)
  2 fire giants (Depths:2)
  5 nagarajas (Snake:4)
  7 rockslimes
  2 frost giants
  Louise (Snake:3)
  A caustic shrike zombie (Depths:2)
  4 ghouls (Swamp:3)
  3 spriggan defenders (Depths:2)
  A demonspawn corrupter (Abyss:3)
  8 very ugly things (Depths:2)
  5 stone giants
  A reaper (IceCv)
  A lorocyproca (Abyss:3)
  A minotaur (Gauntlet)
  A vampire knight (Depths:2)
  A purple draconian (Abyss:3)
  2 bunyips
  2 eleionomae
  3 mummy priests (WizLab)
  An ettin (D:15)
  3 fire dragons
  2 shambling mangroves
  2 rakshasas
  4 great orbs of eyes
  4 salamander tyrants
  13 naga warriors
  3 boulder beetles
  3 spriggan air magi (Depths:2)
  A spriggan skeleton (Depths:2)
  15 hydras
  2 ghost crabs
  3 ice dragons
  4 vault guards (D:14)
  2 ogre magi (Orc:2)
  24 anacondas
  6 centaur warriors
  A deep troll earth mage (Depths:2)
  12 two-headed ogres
  3 deep troll shamans
  A hell hog (Gauntlet)
  9 alligators
  5 death yaks (Lair:5)
  28 naga sharpshooters
  A vampire mage (Depths:2)
  3 tengu warriors
  A thrashing horror (Abyss:3)
  4 shock serpents
  5 spriggan berserkers
  5 hell knights (Depths:2)
  A wretched star (Abyss:3)
  3 iron trolls
  3 skeletal warriors (D:13)
  A spark wasp zombie (WizLab)
  2 salamander mystics
  2 flayed ghosts (Depths:2)
  A spatial maelstrom (Abyss:3)
  4 spectral anacondas (Snake:3)
  6 anaconda zombies (Snake:3)
  6 deep trolls
  2 golden dragon zombies (WizLab)
  6 goliath frogs
  7 bog bodies
  10 naga ritualists
  A shadow demon (Abyss:3)
  4 spriggan druids
  4 lindwurms
  2 phantasmal warriors (Depths:2)
  4 wizards
  10 swamp dragons
  3 necromancers
  A stone giant zombie (WizLab)
  2 anaconda skeletons (Snake:3)
  17 mana vipers
  A human zombie (WizLab)
  An iron dragon zombie (WizLab)
  3 manticores (D:13)
  14 salamanders
  12 ugly things
  A manticore (shapeshifter) (Depths:2)
  A will-o-the-wisp (Swamp:4)
  A worldbinder (Gauntlet)
  5 cyclopes
  A frost giant zombie (WizLab)
  Maurice (D:12)
  23 naga magi
  15 elephants
  2 ice statues (IceCv)
  6 guardian serpents
  2 smoke demons
  36 black mambas
  A torpor snail (Gauntlet)
  3 molten gargoyles (Lair:6)
  A gargoyle (D:12)
  9 komodo dragons
  10 cane toads
  A kobold demonologist (D:13)
  3 rime drakes
  A komodo dragon (shapeshifter) (D:13)
  A yaktaur zombie (WizLab)
  An efreet (D:15)
  9 anaconda simulacra (Snake:3)
  8 ice devils (IceCv)
  3 entropy weaver simulacra (IceCv)
  2 tengu conjurers
  3 guardian mummies (WizLab)
  3 meliai (D:15)
  4 tyrant leeches
  A polar bear (shapeshifter) (D:14)
  8 polar bears
  7 hornets
  Grinder (D:3)
  17 slime creatures
  Prince Ribbit (D:6)
  10 trolls
  A death drake zombie (WizLab)
  A blink frog (shapeshifter) (D:13)
  2 spriggan zombies (WizLab)
  20 blink frogs
  2 meliai zombies (D:11)
  5 centaur simulacra
  12 spriggans
  A ynoxinul (Abyss:3)
  4 vampires
  7 wyverns
  4 dire elephant simulacra (IceCv)
  A water elemental (Depths:1)
  2 shadows (D:9)
  3 fire bats (Gauntlet)
  2 wraiths
  44 yaks
  A human (D:12)
  A fire bat (shapeshifter) (D:13)
  A neqoxec (Abyss:3)
  2 hogs (D:12)
  7 steam dragons
  A chaos spawn (Abyss:3)
  20 vampire mosquitoes
  10 basilisks
  3 wargs
  6 large abominations (Abyss:3)
  Edmund (D:4)
  65 nagas
  15 swamp worms
  2 acid dragons (D:12)
  3 harpy simulacra (IceCv)
  3 small abominations (Abyss:3)
  A spatial vortex (Abyss:3)
  14 water moccasins
  6 hell hounds
  16 orc warriors
  10 swamp drakes
  8 ice beasts
  A sky beast (D:7)
  6 black bears
  28 ogres
  2 necrophages
  12 centaurs
  2 boggarts (Gauntlet)
  9 wolves
  A phantom (D:4)
  A kobold brigand (D:9)
  11 bullfrogs
  3 gnoll sergeants
  A two-headed ogre simulacrum (IceCv)
  7 water moccasin zombies
  A glowing shapeshifter simulacrum (Depths:2)
  A wyvern skeleton (D:7)
  4 wights
  An elephant simulacrum (IceCv)
  4 killer bees
  6 howler monkeys
  10 electric eels
  2 centaur zombies
  4 lava snakes (Lair:6)
  3 starcursed masses (Abyss:3)
  A bullfrog zombie (D:5)
  5 jellies (Lair:6)
  A quasit (Abyss:3)
  Crazy Yiuf (D:7)
  20 orc priests
  2 bullfrog skeletons
  3 gnoll shamans
  A hound (D:6)
  Terence (D:3)
  2 iguanas
  A scorpion zombie (D:5)
  18 orc wizards
  Natasha (thrice) (D:3)
  6 hell rats (Lair:3)
  A polar bear simulacrum (IceCv)
  2 mummies (Ossuary)
  2 howler monkey zombies
  8 adders
  25 gnolls
  7 white imps
  4 ufetubi
  5 adder zombies (Ossuary)
  2 adder skeletons (D:4)
  3 worms (D:2)
  65 orcs
  4 bats
  16 endoplasms
  4 giant cockroaches
  2 gnoll zombies (Ossuary)
  14 goblins
  6 hobgoblins
  5 jackals
  11 kobolds
  A quokka (D:2)
  4 ball pythons
  5 frilled lizards
  A goblin zombie (D:6)
  2 hobgoblin zombies (Ossuary)
  3 kobold zombies (Ossuary)
  8 orc zombies (Ossuary)
  A quokka zombie (D:6)
  5 rats
  3 briar patches (Swamp:4)
  3 starspawn tentacles (Abyss:3)
1284 creatures vanquished.

Vanquished Creatures (others)
  An anaconda zombie (Snake:3)
  A manticore (D:15)
  A smoke demon (Volcano)
  3 bloated husks
  A swamp drake (Swamp:3)
  4 briar patches (Swamp:4)
  21 demonic plants (Gauntlet)
  4 foxfires (Swamp:4)
  29 fungi
  24 plants
  2 starspawn tentacles (Abyss:3)
91 creatures vanquished.

Grand Total: 1375 creatures vanquished

Notes
Turn   | Place    | Note
-------+----------+-------------------------------------------
     0 | D:1      | quixfox the Hill Orc Fighter began the quest for the Orb.
     0 | D:1      | Reached XP level 1. HP: 19/19 MP: 1/1
    60 | D:1      | Reached skill level 3 in Axes
    88 | D:1      | Reached XP level 2. HP: 19/27 MP: 2/2
   835 | D:2      | Reached XP level 3. HP: 15/33 MP: 3/3
  1013 | D:2      | Reached skill level 4 in Axes
  1455 | D:2      | Reached XP level 4. HP: 40/40 MP: 4/4
  1721 | D:3      | Noticed Natasha
  1729 | D:3      | Killed Natasha
  1857 | D:3      | Noticed Grinder
  1864 | D:3      | Paralysed by Grinder for 7 turns
  1872 | D:3      | Paralysed by Grinder for 2 turns
  1876 | D:3      | Killed Grinder
  1877 | D:3      | Reached skill level 5 in Fighting
  1877 | D:3      | Reached skill level 6 in Axes
  1877 | D:3      | Reached XP level 5. HP: 16/48 MP: 5/5
  1877 | D:3      | Reached XP level 6. HP: 19/56 MP: 6/6
  2192 | D:3      | You fall into a shaft and drop 1 floor!
  2256 | D:3      | Found a transporter.
  2260 | D:3      | Found a transporter.
  2265 | D:3      | Noticed a water moccasin
  2269 | D:3      | Found a bloodstained altar of Trog.
  2309 | D:3      | Noticed Natasha
  2315 | D:3      | Killed Natasha
  2355 | D:3      | Noticed Terence
  2367 | D:3      | Killed Terence
  2596 | D:3      | Noticed Natasha
  2604 | D:3      | Killed Natasha
  2605 | D:3      | Reached skill level 7 in Axes
  2605 | D:3      | Reached skill level 5 in Armour
  3006 | D:4      | Reached XP level 7. HP: 40/61 MP: 7/7
  3186 | D:4      | Noticed Edmund
  3210 | D:4      | Killed Edmund
  3210 | D:4      | HP: 1/61 [poisoned by Edmund]
  3615 | D:4      | Identified a scroll of acquirement
  3615 | D:4      | Acquired the +12 pearl dragon scales of Owesk {rN+ Str+4}
  3633 | D:4      | Reached skill level 8 in Axes
  4071 | D:5      | Entered Level 5 of the Dungeon
  4471 | D:5      | Reached XP level 8. HP: 70/70 MP: 8/8
  4500 | D:5      | Reached skill level 9 in Axes
  4941 | D:6      | Noticed Prince Ribbit
  4986 | D:6      | Killed Prince Ribbit
  4987 | D:6      | Reached skill level 10 in Axes
  5120 | D:6      | Reached XP level 9. HP: 11/79 MP: 9/9
  5264 | D:6      | Reached skill level 11 in Axes
  5366 | D:6      | Found a sand-covered staircase.
  5373 | Ossuary  | Entered an ossuary
  5574 | Ossuary  | Reached skill level 12 in Axes
  6114 | D:7      | Found a runed translucent door.
  6114 | D:7      | Noticed selky's ghost (novice DDFi)
  6367 | D:7      | Found a staircase to the Ecumenical Temple.
  6409 | Temple   | Entered the Ecumenical Temple
  6482 | Temple   | Became a worshipper of Warmaster Okawaru
  6799 | D:7      | Reached XP level 10. HP: 91/91 MP: 10/10
  6863 | D:7      | Reached skill level 13 in Axes
  6924 | D:7      | Found a runed translucent door.
  6925 | D:7      | Noticed Crazy Yiuf
  6932 | D:7      | Killed Crazy Yiuf
  7058 | D:8      | Identified the +10 halberd of World's End {speed, Str+4}
  7179 | D:8      | Noticed a two-headed ogre
  7184 | D:8      | Killed a two-headed ogre
  7184 | D:8      | Reached * piety under Okawaru
  7238 | D:8      | Found a flagged portal.
  7262 | Bailey   | Entered a bailey
  7280 | Bailey   | Reached ** piety under Okawaru
  7306 | Bailey   | Reached skill level 14 in Axes
  7306 | Bailey   | Reached skill level 1 in Invocations
  7364 | Bailey   | Noticed a two-headed ogre
  7373 | Bailey   | Killed a two-headed ogre
  7373 | Bailey   | Reached *** piety under Okawaru
  7374 | Bailey   | Reached skill level 10 in Fighting
  7458 | Bailey   | Identified the +8 spear "Xeugus" {protect, rC+ MP+9 Dex+2}
  7464 | Bailey   | Noticed an orc knight
  7740 | Bailey   | Reached XP level 11. HP: 79/101 MP: 13/13
  8177 | D:8      | Found a glowing golden altar of the Shining One.
  8263 | D:8      | Reached skill level 15 in Axes
  8512 | D:8      | Found a runed translucent gate.
  8512 | D:8      | Found a runed translucent gate.
  8512 | D:8      | Found a runed translucent gate.
  8515 | D:8      | Noticed NotreDorf's ghost (novice MfBe)
  8915 | D:9      | Reached **** piety under Okawaru
  9387 | D:10     | Entered Level 10 of the Dungeon
  9638 | D:10     | Reached skill level 5 in Invocations
 10068 | D:11     | Found a frozen archway.
 10071 | D:11     | Noticed an ice dragon
 10080 | D:11     | Reached skill level 10 in Armour
 10096 | D:11     | Killed an ice dragon
 10096 | D:11     | Reached ***** piety under Okawaru
 10099 | D:11     | Reached skill level 16 in Axes
 10170 | IceCv    | Entered an ice cave
 11001 | IceCv    | Reached XP level 12. HP: 110/110 MP: 17/17
 11505 | IceCv    | Identified the +8 broad axe "Mumuagit" {pain, rPois rN+
                  | Int+4 Stlth+} (Okawaru gifted it to you in an ice cave)
 11505 | IceCv    | Received a gift from Okawaru
 11516 | IceCv    | Reached skill level 17 in Axes
 11885 | IceCv    | Noticed a reaper
 11891 | IceCv    | Killed a reaper
 12188 | D:11     | Noticed a boulder beetle
 12204 | D:11     | Killed a boulder beetle
 12484 | D:11     | Found a staircase to the Lair.
 12488 | D:11     | Noticed a six-headed hydra
 12519 | D:11     | Killed a 14-headed hydra
 13036 | D:11     | Received a gift from Okawaru
 13920 | D:11     | Reached skill level 18 in Axes
 14814 | D:12     | Found a staircase to the Orcish Mines.
 14819 | D:12     | Noticed Kirke
 14842 | D:12     | Noticed Rupert
 14849 | D:12     | Killed Kirke
 14850 | D:12     | Reached XP level 13. HP: 113/119 MP: 17/19
 14858 | D:12     | Paralysed by Rupert for 6 turns
 14865 | D:12     | Killed Rupert
 15365 | D:12     | Reached skill level 1 in Necromancy
 15388 | D:12     | Noticed Maurice
 15397 | D:12     | Killed Maurice
 15537 | D:12     | Reached skill level 19 in Axes
 16248 | Lair:1   | Entered Level 1 of the Lair of Beasts
 16280 | Lair:1   | Reached skill level 10 in Invocations
 16368 | Lair:1   | Identified the +0 hat of Zutaapei {Slay+2} (Okawaru gifted
                  | it to you on level 1 of the Lair of Beasts)
 16368 | Lair:1   | Received a gift from Okawaru
 17282 | Lair:2   | Found a staircase to the Snake Pit.
 17454 | Lair:2   | Reached XP level 14. HP: 118/130 MP: 22/22
 17621 | Lair:2   | Reached skill level 20 in Axes
 18110 | Lair:3   | Found a gate leading to a gauntlet.
 18129 | Gauntlet | Entered a Gauntlet
 18129 | Gauntlet | Found a transporter.
 18207 | Gauntlet | Found a transporter.
 18217 | Gauntlet | Found a transporter.
 18225 | Gauntlet | Found a transporter.
 18240 | Gauntlet | Found a transporter.
 18259 | Gauntlet | Found a transporter.
 18267 | Gauntlet | Found a large runed translucent door.
 18268 | Gauntlet | Found a large runed translucent door.
 18269 | Gauntlet | Found a large runed translucent door.
 18269 | Gauntlet | Found a large runed translucent door.
 18270 | Gauntlet | Found a runed translucent gate.
 18271 | Gauntlet | Found a transporter.
 18271 | Gauntlet | Found a runed translucent gate.
 18272 | Gauntlet | Found a runed translucent gate.
 18273 | Gauntlet | Found a large runed translucent door.
 18273 | Gauntlet | Found a large runed translucent door.
 18274 | Gauntlet | Found a large runed translucent door.
 18275 | Gauntlet | Found a large runed translucent door.
 18286 | Gauntlet | Found a transporter.
 18295 | Gauntlet | Found a transporter.
 18297 | Gauntlet | Found the -2 hat of the Alchemist {rElec rPois rF+ rC+ rN+
                  | Will+ rMut rCorr}
 18318 | Gauntlet | Found a large runed translucent door.
 18318 | Gauntlet | Found a large runed translucent door.
 18318 | Gauntlet | Found a runed translucent door.
 18318 | Gauntlet | Found a runed translucent door.
 18319 | Gauntlet | Found a large runed translucent door.
 18320 | Gauntlet | Found a large runed translucent door.
 18322 | Gauntlet | Found a transporter.
 18324 | Gauntlet | Found a transporter.
 18326 | Gauntlet | Found a transporter.
 18353 | Gauntlet | Found a transporter.
 18355 | Gauntlet | Found a transporter.
 18379 | Gauntlet | Found a transporter.
 18396 | Gauntlet | Found a transporter.
 18415 | Gauntlet | Found a transporter.
 18468 | Gauntlet | Found a transporter.
 18472 | Gauntlet | Found a large runed translucent door.
 18473 | Gauntlet | Found a large runed translucent door.
 18629 | Gauntlet | Identified the +2 pair of gloves of Sin {Str-2 Int+3 SInv}
 18803 | Gauntlet | Identified the +8 eveningstar of Lust {antimagic, rN+
                  | Stlth+}
 18803 | Gauntlet | Identified the ring of Piawibb {rElec rPois Stlth+}
 18868 | Gauntlet | Identified the +2 robe of Cawoluir {rF++ Str+2}
 18869 | Gauntlet | Got the Collected Works on Enchantment
 19372 | Lair:3   | Found a runed translucent gate.
 19374 | Lair:3   | Found a runed translucent gate.
 19375 | Lair:3   | Found a runed translucent gate.
 19376 | Lair:3   | Noticed jjjjhere's ghost (journeyman TrDe)
 19800 | Lair:3   | Found a staircase to the Swamp.
 20121 | Lair:4   | Reached ****** piety under Okawaru
 20582 | Lair:4   | Identified the +1 robe of Paranoia {Harm rElec rC- Will+}
                  | (Okawaru gifted it to you on level 4 of the Lair of Beasts)
 20582 | Lair:4   | Received a gift from Okawaru
 20586 | Lair:4   | Reached skill level 5 in Shields
 21211 | Lair:5   | Reached skill level 15 in Fighting
 21235 | Lair:5   | Found a dark tunnel.
 21269 | Volcano  | Entered a volcano
 21888 | Lair:5   | Reached XP level 15. HP: 135/141 MP: 24/24
 21894 | Lair:5   | Identified the +2 cloak of Polytheism {rC+ Dex+3 Stlth+}
                  | (Okawaru gifted it to you on level 5 of the Lair of Beasts)
 21894 | Lair:5   | Received a gift from Okawaru
 21977 | Lair:5   | Found a staircase to the Slime Pits.
 21978 | Lair:5   | Found a viscous altar of Jiyva.
 22211 | Lair:6   | Entered Level 6 of the Lair of Beasts
 22764 | Lair:6   | Noticed a rockslime
 22766 | Lair:6   | Noticed a rockslime
 22766 | Lair:6   | Noticed a rockslime
 22766 | Lair:6   | Noticed a rockslime
 22793 | Lair:6   | Killed a rockslime
 22802 | Lair:6   | Killed a rockslime
 23286 | Lair:5   | Killed a rockslime
 23509 | Lair:6   | Killed a rockslime
 23586 | Lair:6   | Found a viscous altar of Jiyva.
 23586 | Lair:6   | Noticed a rockslime
 23586 | Lair:6   | Noticed an azure jelly
 23586 | Lair:6   | Noticed a rockslime
 23596 | Lair:6   | Killed a rockslime
 23607 | Lair:6   | Killed a rockslime
 23619 | Lair:6   | Noticed a rockslime
 23626 | Lair:6   | Killed a rockslime
 23635 | Lair:6   | Killed an azure jelly
 24172 | Lair:6   | Reached skill level 15 in Armour
 24228 | Lair:6   | Found a large runed translucent door.
 24229 | Lair:6   | Found a large runed translucent door.
 25233 | Orc:1    | Entered Level 1 of the Orcish Mines
 25259 | Orc:1    | Found a roughly hewn altar of Beogh.
 25264 | Orc:1    | Received a gift from Okawaru
 25470 | Orc:1    | Found Haon's Armour Shop.
 25722 | Orc:2    | Entered Level 2 of the Orcish Mines
 25862 | Orc:2    | Found a roughly hewn altar of Beogh.
 25880 | Orc:2    | Found a flickering gateway to a bazaar.
 25892 | Bazaar   | Entered a bazaar
 25896 | Bazaar   | Found Guhyqera's Jewellery Boutique.
 25915 | Bazaar   | Found Zitekeil's Antique Armour Shoppe.
 25932 | Bazaar   | Found Getwahuv's Antique Weapon Boutique.
 25949 | Bazaar   | Found Zuluga's Book Emporium.
 25972 | Bazaar   | Bought an amulet of faith for 480 gold pieces
 25992 | Bazaar   | Bought a pair of embroidered boots for 180 gold pieces
 26058 | Orc:2    | Found Gicvaowo's Antique Weapon Boutique.
 26157 | Orc:2    | Received a gift from Okawaru
 26184 | Orc:2    | Reached XP level 16. HP: 134/155 MP: 25/25
 26317 | Orc:2    | Found Kudih's Antique Armour Shop.
 26327 | Orc:2    | Reached skill level 10 in Shields
 26328 | Orc:2    | Found Iromiam's General Store.
 26345 | Orc:2    | Found Lula's Jewellery Shoppe.
 26351 | Orc:2    | Bought a shiny kite shield for 187 gold pieces
 26446 | Orc:2    | Found a staircase to the Elven Halls.
 27267 | D:13     | Received a gift from Okawaru
 27522 | D:14     | Cast into level 3 of the Abyss (a wizard)
 27631 | Abyss:3  | Noticed a deep elf blademaster
 27631 | Abyss:3  | Noticed a golden dragon
 27664 | Abyss:3  | Noticed a tentacled monstrosity
 27978 | Abyss:3  | Noticed a tentacled starspawn
 27985 | Abyss:3  | Killed a tentacled starspawn
 27985 | Abyss:3  | Paralysed by accursed screaming for 1 turns
 28040 | Abyss:3  | Noticed a tentacled starspawn
 28057 | Abyss:3  | Killed a tentacled starspawn
 28166 | D:14     | Escaped the Abyss
 28396 | D:14     | Noticed Frances
 28409 | D:14     | Killed Frances
 28714 | D:14     | Found an opulent altar of Gozag.
 29036 | D:14     | Identified the +9 plate armour "Revioph" {rF- rC+ Will+}
                  | (Okawaru gifted it to you on level 14 of the Dungeon)
 29036 | D:14     | Received a gift from Okawaru
 29094 | D:14     | Found a gate to the Vaults.
 29593 | D:15     | Entered Level 15 of the Dungeon
 29647 | D:15     | Found Tyrir's Jewellery Boutique.
 29811 | D:15     | Found a staircase to the Depths.
 30704 | Snake:1  | Entered Level 1 of the Snake Pit
 31188 | Snake:1  | Reached XP level 17. HP: 129/165 MP: 26/26
 31870 | Snake:2  | Received a gift from Okawaru
 33301 | Snake:3  | Identified the +8 crystal plate armour of the Slightly Bent
                  | {rC+ rN+ rCorr Int-2} (Okawaru gifted it to you on level 3
                  | of the Snake Pit)
 33301 | Snake:3  | Received a gift from Okawaru
 33303 | Snake:3  | Reached skill level 1 in Dodging
 33470 | Snake:3  | Noticed Louise
 33488 | Snake:3  | Killed Louise
 33755 | Snake:3  | Identified the amulet "Faagapn Reca" {Will+ Regen+}
 34033 | Snake:3  | Reached skill level 1 in Stealth
 34527 | Snake:3  | Identified Roxanne's Volume of the Mountains
 34527 | Snake:3  | Noticed Roxanne
 34527 | Snake:3  | Noticed Vashnia
 34588 | Snake:3  | Killed Vashnia
 34679 | Snake:3  | Killed Roxanne
 34679 | Snake:3  | Identified the +1 scale mail of the Echidna {Will+ Str-3
                  | Int+2 Slay+3} (Okawaru gifted it to you on level 3 of the
                  | Snake Pit)
 34679 | Snake:3  | Received a gift from Okawaru
 34680 | Snake:3  | Reached XP level 18. HP: 160/176 MP: 23/27
 34688 | Snake:3  | Learned a level 5 spell: Agony
 35177 | Snake:4  | Entered Level 4 of the Snake Pit
 35386 | Snake:4  | Reached skill level 5 in Necromancy
 35639 | Snake:4  | Received a gift from Okawaru
 36689 | Snake:4  | Identified the +5 broad axe "Nirhoecw" {freeze, Dex+4}
                  | (Okawaru gifted it to you on level 4 of the Snake Pit)
 36689 | Snake:4  | Received a gift from Okawaru
 36870 | Snake:4  | Learned a level 1 spell: Pain
 37602 | Snake:4  | Identified the +2 hunting sling of Intimidation {freeze,
                  | Fragile rN+++ Will+++ Str-2} (Okawaru gifted it to you on
                  | level 4 of the Snake Pit)
 37602 | Snake:4  | Received a gift from Okawaru
 37852 | Snake:4  | Got a serpentine rune of Zot
 38064 | Snake:4  | Learned a level 4 spell: Dispel Undead
 38233 | Swamp:1  | Entered Level 1 of the Swamp
 38271 | Swamp:1  | Reached XP level 19. HP: 171/188 MP: 28/28
 39336 | Swamp:2  | Noticed Jorgrun
 39341 | Swamp:2  | Identified the +3 chain mail of Kindness {Drain rPois rF++
                  | Slay+2} (Okawaru gifted it to you on level 2 of the Swamp)
 39341 | Swamp:2  | Received a gift from Okawaru
 39342 | Swamp:2  | Reached skill level 1 in Maces & Flails
 39355 | Swamp:2  | Killed Jorgrun
 40598 | Swamp:3  | Identified the +6 whip of Evil {drain, *Rage rPois rC+
                  | Str+6}
 41121 | Swamp:4  | Entered Level 4 of the Swamp
 41611 | Swamp:4  | Reached skill level 21 in Axes
 41628 | Swamp:4  | Identified the +6 quarterstaff "Awiful" {freeze, rC+ Int+7}
 41678 | Swamp:4  | Received a gift from Okawaru
 41678 | Swamp:4  | Found the +0 pair of fencer's gloves {Riposte Dex+3}
 41949 | Swamp:4  | Got a decaying rune of Zot
 42505 | Depths:1 | Entered Level 1 of the Depths
 42514 | Depths:1 | Found Dicw's Weapon Boutique.
 42536 | Depths:1 | Found a magical portal.
 42541 | WizLab   | Entered Doroklohe's Tomb
 42815 | WizLab   | Noticed a dread lich
 42941 | WizLab   | Killed a dread lich
 43948 | Depths:1 | Found a gateway to Hell.
 44086 | Depths:1 | Found a one-way gate to the infinite horrors of the Abyss.
 44246 | Depths:1 | Found Qisch's Antique Armour Emporium.
 44255 | Depths:1 | Found Rigyk's Armour Shoppe.
 44667 | Depths:1 | Found Jiathriri's Assorted Antiques.
 44689 | Depths:1 | Bought 2 scrolls of fear for 126 gold pieces
 44689 | Depths:1 | Bought a potion of heal wounds for 90 gold pieces
 44689 | Depths:1 | Bought a potion of curing for 54 gold pieces
 44689 | Depths:1 | Bought a potion of might for 72 gold pieces
 44802 | Depths:2 | Reached XP level 20. HP: 196/200 MP: 23/29
 44832 | Depths:2 | Noticed the Enchantress
 44843 | Depths:2 | Reached skill level 22 in Axes
 44855 | Depths:2 | Killed the Enchantress
 44871 | Depths:2 | Identified the +0 cloak of Qebb {Contam rPois Str+7 Int+2}
                  | (Okawaru gifted it to you on level 2 of the Depths)
 44871 | Depths:2 | Received a gift from Okawaru
 45541 | Depths:2 | Received a gift from Okawaru
 45542 | Depths:2 | Reached skill level 23 in Axes
 45554 | Depths:2 | Killed from afar by a living spell

Illustrated notes

Levels and vault maps discovered:
D:1:      grunt_arrival_crossed_arrows, layout_loops_ring, minmay_pentomino_z4
D:2:      layout_rooms
D:3:      layout_loops_cross, gammafunk_temple_overflow_arena, uniq_grinder,
          uniq_terence, uniq_natasha
D:4:      layout_basic, uniq_edmund
D:5:      layout_basic
D:6:      layout_loops_ring, enter_ossuary_4, uniq_prince_ribbit1
D:7:      cheibrodos_quashed, layout_loops_ring,
          minmay_temple_entry_glassed_door, gammafunk_ghost_grave,
          uniq_crazy_yiuf_cottage
D:8:      minmay_spotlight, layout_loops_ring, kennysheep_mini, enter_bailey_5,
          ebering_ghost_rock_garden
D:9:      layout_basic, hex_large, hangedman_minor_gate_pass
D:10:     layout_loops_ring
D:11:     layout_basic, erik_lair_orcish_takeover, serial_ice, serial_ice_o,
          serial_ice_d, serial_ice_n, serial_ice_i, serial_ice_a, serial_ice_h,
          portal_ice_cave_entry_animals_and_master
D:12:     layout_basic, hiddenorc2_lemuel, uniq_kirke, uniq_rupert, uniq_maurice
D:13:     layout_roguey
D:14:     layout_gridville, lightli_vaults_fourway_checkpoint,
          lemuel_doored_altar, uniq_frances
D:15:     hangedman_depths_entry_civil_slaughter, layout_basic, serial_shops,
          nicolae_shop_advertising_works [nicolae_subvault_shop_adworks],
          serial_ice, serial_ice_h, serial_ice_c, serial_ice_k, serial_ice_b,
          serial_ice_f, serial_ice_g, serial_ice_e, serial_ice_m, minivault_16
Temple:   mainiacjoe_temple_cubbyholes
Lair:1:   cheibrodos_lair_river_kwai, layout_big_grid
Lair:2:   layout_long_grid, minmay_snake_entry_guardpost_small,
          chequers_serial_rivers_micro_c, beast_lair_carwin_7
Lair:3:   layout_loops_ring, nicolae_swamp_entry_splash_gauntlet,
          gammafunk_ghost_split, gauntlet_entry_generic
Lair:4:   layout_cave_pods, hangedman_lair_unloving_vines
Lair:5:   layout_roguey, slime_altar_1, enter_volcano_2
Lair:6:   cheibrodos_lair_end_hotspot, layout_layer_cave, special_room
          [special_room_jelly], serial_bayou_shore_b, lemuel_fruit_fields
Swamp:1:  layout_falls_marsh, evilmike_swamp_ruin_house_4
Swamp:2:  layout_falls_marsh, serial_swamp_ruin, hangedman_swamp_ruin_wall,
          evilmike_swamp_ruin_house_1, swamp_pool4, uniq_jorgrun
Swamp:3:  layout_basic_swamp, evilmike_swamp_ruin_rubble_2
Swamp:4:  swamp_basic_johnstein, layout_basic_swamp, infiniplex_staircase_pool
Snake:1:  layout_gridlike, grunt_megastairs_1
Snake:2:  layout_onion, lemuel_fruit_tree
Snake:3:  layout_misc_corridors, nicolae_snake_dead_anacondas, uniq_louise,
          uniq_roxanne, uniq_vashnia
Snake:4:  grunt_snake_rune_serpentine_throne, layout_cave_town
Orc:1:    layout_caves, basic_altar, serial_shops, shop_fountains
Orc:2:    st_orc_open, layout_caves, serial_shops, bzr_firewalk, basic_altar,
          dreamdust_deal_with_the_devil, nicolae_orc_tapped_out
Depths:1: layout_gridville, serial_shops, shop, hangedman_abyss_entry_splay,
          grunt_hell_entry_dis_grunt, infiniplex_enter_wizlab_spiral,
          kennysheep_small_square, serial_bayou_shore_b, minmay_shoptagon
Depths:2: minmay_heptahexagon, layout_basic, fountainhead, lightli_too_deep,
          rand_demon_pan_entry_9, infiniplex_staircase_zigzag_3,
          serial_bayou_shore_a, uniq_enchantress

Skill      XL: |  1  2  3  4  5  6  7  8  9 10 11 12 13 14 15 16 17 18 19 20 |
---------------+-------------------------------------------------------------+-----
Axes           | 3 4 6 7 8 10 12 14 16 18 19 20 21 23 | 23.0
Fighting       | 4 5 6 7 9 10 11 12 13 15 17 18 19 20 21 22 | 22.4
Armour         | 4 5 6 8 9 10 11 12 14 15 16 18 19 20 | 20.7
Invocations    | 3 6 9 10 12 | 12.0
Necromancy     | 3 7 8 |  8.1
Shields        | 6 9 12 14 | 14.1
Dodging        | 2 |  2.4
Stealth        | 3 |  3.3
Maces & Flails | 1 |  1.0

Action                   |  1- 3 |  4- 6 |  7- 9 | 10-12 | 13-15 | 16-18 | 19-21 || total
-------------------------+-------+-------+-------+-------+-------+-------+-------++-------
Melee: War axe           |   109 |   102 |   265 |       |       |       |       ||   476
       Battleaxe         |       |       |    49 |   281 |    22 |       |       ||   352
       Broad axe         |       |       |       |   186 |   847 |  1328 |   655 ||  3016
       Halberd           |       |       |       |    16 |       |       |       ||    16
       Eveningstar       |       |       |       |       |       |       |    58 ||    58
Throw: Javelin           |       |       |    15 |       |       |       |       ||    15
       Boomerang         |       |       |       |    22 |     1 |    26 |    31 ||    80
Invok: Heroism           |       |       |       |    12 |     4 |     2 |     4 ||    22
       Finesse           |       |       |       |     1 |     4 |     8 |     6 ||    19
  Use: Potion            |       |     1 |     2 |     3 |     1 |       |     1 ||     8
       Scroll            |       |     6 |    11 |     6 |    12 |     6 |     9 ||    50
 Stab: Distracted        |       |       |       |       |       |     2 |       ||     2
       Sleeping          |       |       |       |       |       |     3 |     2 ||     5
Armor: Scale mail        |    46 |    27 |       |       |       |       |       ||    73
       Chain mail        |       |    20 |    13 |       |       |       |       ||    33
       Pearl dragon scal |       |       |   166 |   336 |   446 |   698 |   433 ||  2079
Dodge: Dodged            |    44 |    33 |   117 |   208 |   221 |   343 |   230 ||  1196
Block: Buckler           |    28 |    16 |    49 |    31 |    46 |       |       ||   170
       Kite shield       |       |       |       |       |   211 |   807 |   540 ||  1558
       Reflection        |       |       |       |       |       |    88 |    19 ||   107
